 Dungeon Crawl Stone Soup version 0.30.1 (webtiles) character file.

Game seed: 3427177583106111696

989 Bnni the Cleaver (level 8, -3/73 HPs)
             Began as a Hill Orc Monk on July 8, 2023.
             Slain by an ogre
             ... wielding a +0 giant club
              (14 damage)
             ... on level 4 of the Dungeon.
             The game lasted 00:04:52 (3704 turns).

Bnni the Cleaver (Hill Orc Monk)                    Turns: 3704, Time: 00:04:53

Health: -3/73      AC: 10    Str: 16    XL:     8   Next: 18%
Magic:  23/23      EV: 11    Int: 10    God:
Gold:   211        SH:  0    Dex: 13    Spells: 7/7 levels left

rFire   . . .        m - +2 dagger (venom)
rCold   . . .        d - orb {light}
rNeg    . . .        e - +0 ring mail
rPois   .            (no helmet)
rElec   .            (no cloak)
rCorr   +            (no gloves)
SInv    .            w - +0 pair of boots
Will    .....        u
                       - Hermit's Pendant {Faith Invo=14 Evo=0 MP+5}
Stlth   +            q - ring of resist corrosion
HPRegen 0.32/turn    s - +4 ring of protection
MPRegen 0.18/turn

%: faith
@: weakened, glowing
A: no striking features
a: no special abilities


You were on level 4 of the Dungeon.
You visited 1 branch of the dungeon, and saw 4 of its levels.

You collected 211 gold pieces.

Inventory:

Hand Weapons
 a - a +0 hand axe
 m - a +2 dagger of venom (weapon)
Missiles
 o - 4 javelins (quivered)
 p - a boomerang
Armour
 d - an orb of light (worn)
 e - a +0 ring mail (worn)
 r - an orb of light
 w - a +0 pair of boots (worn)
Jewellery
 h - a ring of ice
 q - a ring of resist corrosion (left hand)
 s - a +4 ring of protection (right hand)
 u - the Hermit's Pendant (around neck) {Faith Invo=14 Evo=0 MP+5}
   (You took it off a gnoll on level 4 of the Dungeon)

   [amulet of faith]

   Invo=14: It sets your Invocations skill to 14.
   Evo=0: It sets your Evocations skill to 0.
   It allows you to gain divine favour quickly.
   MP:        It affects your magic capacity (+5).
Scrolls
 g - 2 scrolls of immolation {unknown}
 i - 2 scrolls of fog {unknown}
 k - 2 scrolls of magic mapping {unknown}
 l - 2 scrolls of identify {unknown}
 v - a scroll of blinking {unknown}
 x - a scroll of noise {unknown}
 y - a scroll of teleportation {unknown}
Potions
 b - 2 potions of curing {unknown}
 c - a potion of ambrosia
 f - a potion of cancellation {unknown}
 j - 2 potions of mutation {unknown}
 n - a potion of flight {unknown}
 t - a potion of degeneration {unknown}
 z - a potion of heal wounds {unknown}


   Skills:
 + Level 7.2 Fighting
 * Level 10.6 Axes
 - Level 2.4 Dodging


You had 7 spell levels left.
You didn't know any spells.
Your spell library contained the following spells:

 Spells                   Type           Power      Damage    Failure   Level
 Magic Dart               Conj           0%         1d3       58%         1
 Call Imp                 Summ           0%         N/A       73%         2
 Cigotuvi's Dreadful Rot  Necr/Pois/Air  0%         N/A       73%         2
 Searing Ray              Conj           0%         2d4       73%         2
 Ignite Poison            Fire/Tmut/Pois 0%         N/A       91%         3
 Mephitic Cloud           Conj/Pois/Air  0%         N/A       91%         3
 Stone Arrow              Conj/Erth      0%         3d7       91%         3
 Animate Armour           Summ/Erth      0%         N/A       100%        4
 Fulminant Prism          Conj/Hex       0%         3d5       100%        4
 Freezing Cloud           Conj/Ice/Air   0%         6-21      100%        5
 Conjure Ball Lightning   Conj/Air       0%         3x3d6     100%        6
 Discord                  Hex            0%         N/A       100%        8
 Disjunction              Tloc           0%         N/A       100%        8
 Lehudib's Crystal Spear  Conj/Erth      0%         10d2      100%        8


Dungeon Overview and Level Annotations

Branches:
Dungeon (4/15)
 Temple: D:4-7

Altars:
Cheibriados
Trog
The Shining One


Message History

Press: ? - help, Shift-Dir - straight line You throw a javelin.
The javelin hits the ogre and shatters for extra damage!
The ogre is moderately wounded.
Unknown command.
You hit the ogre.
The ogre is poisoned.
The ogre is moderately wounded.
The ogre hits you with a +0 giant club!
You hit the ogre.
The ogre looks as sick as possible!
The ogre is moderately wounded.
The gnoll bouda gazes fiercely through you!
You feel as though you will be weak longer.
The gnoll bouda closely misses you. The ogre barely misses you.
You hit the ogre.
The ogre looks as sick as possible!
The ogre is moderately wounded.
The gnoll bouda hits you but does no damage.
You hit the ogre.
The ogre looks as sick as possible!
The ogre is heavily wounded.
The gnoll bouda hits you with a +0 whip!
The ogre hits you with a +0 giant club!
You hit the gnoll bouda but do no damage.
The gnoll bouda looks as sick as possible!
The gnoll bouda is almost dead.
The gnoll bouda gazes fiercely through you!
You feel as though you will be weak longer.
The gnoll bouda hits you but does no damage.
The ogre closely misses you.
You hit the ogre but do no damage.
The ogre looks as sick as possible!
The ogre is severely wounded.
You kill the gnoll bouda!
Unknown command.
You hit the ogre but do no damage.
The ogre is severely wounded.
The ogre hits you with a +0 giant club!
* * * LOW HITPOINT WARNING * * *
Unknown command.
You hit the ogre.
The ogre looks as sick as possible!
The ogre is severely wounded.
The ogre hits you with a +0 giant club!
You die...

.#........# ######## .##.....#..
.###'##...# #..##..#..####...###
#.....#'### +......'..####...###
#.....#...# ##8..8##..##..<.....
#.....#...######))## ..#........
#.....#........#..# .#........
#.....#........#..#######........
#.....#........#O)#..............
#.....#........#@.#..............
#.....#........#'##..............
##'#####...############...#
####.....#.........###..######
#........#.........#..........
#........'.........'..........
#........#.........#..........
##########.........####'##...#
#.........######.........#####


You could see an ogre (extremely poisoned).

Vanquished Creatures
  Pikel (D:4)
  Sigmund (D:2)
  A black bear (D:4)
  A lemure (D:4)
  A jelly (D:4)
  A gnoll bouda (D:4)
  An iguana (D:4)
  4 orc wizards (D:4)
  3 gnolls (D:4)
  2 adders
  2 ufetubi (D:4)
  9 orcs
  8 ball pythons
  11 endoplasms
  A giant cockroach (D:1)
  7 hobgoblins
  2 jackals (D:4)
  7 kobolds
  5 quokkas
  4 bats
  A frilled lizard (D:2)
  6 goblins
  8 rats
87 creatures vanquished.

Notes
Turn   | Place    | Note
-------+----------+-------------------------------------------
     0 | D:1      | Bnni the Hill Orc Monk began the quest for the Orb.
     0 | D:1      | Reached XP level 1. HP: 19/19 MP: 1/1
   145 | D:1      | Reached XP level 2. HP: 23/27 MP: 2/2
   746 | D:2      | Reached skill level 5 in Axes
   778 | D:2      | Reached XP level 3. HP: 33/33 MP: 3/3
  1428 | D:2      | Noticed Sigmund
  1438 | D:2      | Killed Sigmund
  1439 | D:2      | Reached skill level 5 in Fighting
  1439 | D:2      | Reached skill level 7 in Axes
  1439 | D:2      | Reached XP level 4. HP: 32/42 MP: 4/4
  1439 | D:2      | Reached XP level 5. HP: 37/48 MP: 5/5
  1782 | D:3      | Found a snail-covered altar of Cheibriados.
  1847 | D:3      | Found a glowing golden altar of the Shining One.
  2204 | D:3      | Found a faded altar of an unknown god.
  2448 | D:3      | Found a bloodstained altar of Trog.
  2463 | D:3      | Reached XP level 6. HP: 50/56 MP: 6/6
  2522 | D:4      | Noticed a black bear
  2537 | D:4      | Killed a black bear
  2603 | D:4      | Reached skill level 8 in Axes
  2957 | D:4      | Reached XP level 7. HP: 47/59 MP: 17/17
  3091 | D:4      | Noticed Pikel
  3116 | D:4      | Killed Pikel
  3117 | D:4      | Reached skill level 10 in Axes
  3117 | D:4      | Reached XP level 8. HP: 27/73 MP: 18/18
  3704 | D:4      | Slain by an ogre

Illustrated notes

Levels and vault maps discovered:
D:1:      amcnicky_arrival_single_pillar, layout_loops_ring,
          grunt_decor_arrowhead
D:2:      layout_basic, skrybe_limestone_x, uniq_sigmund
D:3:      layout_loops_ring, trog_hazing_becter, nicolae_overflow_crystal_walls,
          cheibriados_altar_1, hellmonk_ecumenical_altar_zigzags
D:4:      minmay_chambers_of_twos, layout_gridville, uniq_pikel

Skill      XL: |  1  2  3  4  5  6  7 |
---------------+----------------------+-----
Fighting       | 4 5 6 7 |  7.2
Axes           | 5 7 8 10 | 10.6
Dodging        | |  2.4

Action                     |  1- 3 |  4- 6 |  7- 9 || total
---------------------------+-------+-------+-------++-------
  Melee: Hand axe          |    63 |       |       ||    63
         Dagger            |    24 |   113 |    80 ||   217
  Throw: Javelin           |       |     2 |     1 ||     3
 Armour: Ring mail         |    21 |    51 |    42 ||   114
         Robe              |     1 |       |       ||     1
  Dodge: Dodged            |    45 |    74 |    47 ||   166
